 Dungeon Crawl Stone Soup version 0.20.1-1-g8b1a95d (webtiles) character file.

12371 Kingsmith the Fighter (level 11, -2/108 HPs)
             Began as a Gargoyle Fighter on Dec 9, 2017.
             Was a Priest of the Shining One.
             Splashed by an acid dragon's acid (14 damage)
             ... on level 12 of the Dungeon.
             The game lasted 00:27:24 (13623 turns).

Kingsmith the Fighter (Gargoyle Fighter)           Turns: 13623, Time: 00:27:26

Health: -2/108     AC: 13    Str: 21    XL:     11   Next: 92%
Magic:  14/14      EV:  2    Int: 10    God:    the Shining One [***...]
Gold:   444        SH: 12    Dex: 10    Spells: 10/10 levels left

rFire    . . .     SeeInvis +   a - +0 long sword
rCold    + . .     Gourm    .   c - +0 shield
rNeg     + + +     Faith    .   (armour currently unavailable)
rPois    ∞         Spirit   .   (helmet currently unavailable)
rElec    .         Reflect  .   (cloak currently unavailable)
rCorr    .         Harm     .   (gloves currently unavailable)
MR       .....     NoTele   +   (boots currently unavailable)
Stlth    +.........             (no amulet)
Regen    0.3/turn               t - ring of see invisible
MPRegen  0.2/turn               w - ring of protection from cold

@: tree-form, corroded, glowing
A: negative energy resistance 1, petrification resistance, rot immunity, AC +7
a: Divine Shield, Renounce Religion


You were on level 12 of the Dungeon.
You worshipped the Shining One.
The Shining One was most pleased with you.
You were very hungry.
You were a tree.
You visited 3 branches of the dungeon, and saw 14 of its levels.
You also visited: Ossuary.

You collected 444 gold pieces.

Inventory:

Hand Weapons
 a - a +0 long sword (weapon)
 b - a +2 broad axe of venom
 A - a +0 whip of flaming
Armour
 c - a +0 shield (worn)
 B - a +0 pair of gloves (melded)
 K - a +1 plate armour of cold resistance (melded)
Jewellery
 t - a ring of see invisible (left branch)
 w - a ring of protection from cold (right branch)
Wands
 l - a wand of digging (16/24)
 n - a wand of flame (15/48)
 G - a wand of polymorph (13/24)
 H - a wand of flame (18/48)
 J - a wand of digging (0/24)
 M - a wand of enslavement (11/24)
Scrolls
 g - 6 scrolls of teleportation
 o - 3 scrolls of enchant weapon
 p - 11 scrolls of remove curse
 q - 2 scrolls of fog
 x - a scroll of blinking
 y - 3 scrolls of recharging
 z - 3 scrolls of magic mapping
 E - 4 scrolls of immolation
 N - a scroll of acquirement
Potions
 d - 2 potions of lignification
 e - 3 potions of curing
 h - 3 potions of mutation
 i - a potion of flight {unknown}
 j - a potion of agility
 k - a potion of haste
 m - a potion of resistance
 r - 3 potions of brilliance
 u - a potion of cancellation {unknown}
 F - a potion of invisibility {unknown}
 L - a potion of magic {unknown}
Miscellaneous
 v - a phial of floods
Comestibles
 f - 6 bread rations
 s - 5 meat rations
 C - 9 royal jellies
 I - 9 fruits


   Skills:
 - Level 10.1 Fighting
 - Level 10.0 Long Blades
 - Level 10.0 Armour
 - Level 10.0 Shields
 + Level 4.0 Invocations


You had 10 spell levels left.
You didn't know any spells.

Dungeon Overview and Level Annotations

Branches:
Dungeon (12/15)            Temple (1/1) D:7            Lair (1/6) D:10
    Orc: D:9-12

Altars:
Ashenzari
Cheibriados
Dithmenos
Elyvilon
Fedhas
Gozag
Hepliaklqana
Kikubaaqudgha
Makhleb
Nemelex Xobeh
Okawaru
Qazlal
Ru
Sif Muna
Trog
Uskayaw
Vehumet
Xom
Yredelemnul
Zin
The Shining One

Annotations:
D:5 Doomgape's ghost, novice MiMo


Innate Abilities, Weirdness & Mutations

You are resistant to torment.
((Your stone body is resilient. (AC +7)))
You are immune to poison.
You resist negative energy. (rN+)
((You are resistant to electric shocks. (rElec)))
((You can survive without breathing.))
You are immune to petrification.
You are immune to rotting.


Message History

The acid dragon is almost dead.
You block the acid dragon's attack. The acid dragon claws you.
* * * LOW HITPOINT WARNING * * *
You hit the acid dragon.
The acid dragon is almost dead.
You block the acid dragon's attack.
The acid dragon claws you but does no damage.
You hit the acid dragon but do no damage.
The acid dragon is almost dead.
The acid dragon bites you but does no damage.
You block the acid dragon's attack.
You hit the acid dragon but do no damage.
The acid dragon is almost dead.
You hit the acid dragon.
The acid dragon is almost dead.
The acid dragon spits acid at you. The splash of acid hits you!
* * * LOW HITPOINT WARNING * * *
The acid corrodes you!
You are splashed with acid!
The acid burns!
You die...

# ################.##
..............D....
...............s...
...................
..........s........
........##D####+#..
........#..♣....#
........#.......#.......
...)....#.......#.......
........#.......#......#
........#.......#......#
#.......#######.#......#
#.............###....#
###..................#
#..................#


You could see an acid dragon and a scorpion.

Vanquished Creatures
  3 two-headed ogres
  Pikel (D:6)
  An ugly thing (D:12)
  Psyche (D:11)
  A centaur skeleton (D:11)
  A queen bee (D:10)
  A troll (D:11)
  Grinder (D:5)
  A hornet (D:7)
  2 hippogriffs (D:10)
  2 wraiths (Ossuary)
  6 yaks
  A wyvern (D:12)
  Eustachio (D:6)
  A hungry ghost (D:12)
  Menkaure (D:7)
  2 hell hounds (D:10)
  A water moccasin (Lair:1)
  3 ice beasts
  5 orc warriors
  A hornet zombie (D:6)
  3 phantoms
  2 sky beasts
  8 ogres
  3 necrophages (D:6)
  5 centaurs
  A crocodile (D:9)
  5 bullfrogs
  3 scorpions
  24 killer bees
  7 wights
  The ghost of dscm the Magician, a weakling OpTm (D:3)
  A howler monkey (D:11)
  A centaur zombie (D:6)
  2 quasits
  3 crimson imps
  A bullfrog skeleton (D:4)
  4 hounds
  10 orc wizards
  5 orc priests
  2 jellies (D:9)
  2 iguanas
  6 worker ants
  A killer bee zombie (D:6)
  A hound skeleton (D:5)
  A howler monkey zombie (D:6)
  12 adders
  2 shadow imps
  An ooze (D:6)
  6 adder zombies
  A worm (D:4)
  4 dart slugs
  6 leopard geckos
  34 orcs
  A ball python (D:6)
  4 bats
  5 giant cockroaches
  3 goblins
  5 hobgoblins
  7 jackals
  5 quokkas
  3 ball python skeletons
  5 frilled lizards
  2 hobgoblin skeletons (Ossuary)
  A hobgoblin zombie (Ossuary)
  5 kobolds
  A kobold zombie (Ossuary)
  An orc skeleton (Ossuary)
  An orc zombie (Ossuary)
  8 rats
262 creatures vanquished.

Vanquished Creatures (others)
  A slave (D:7)
  An orc (D:7)
  3 jackals (D:7)
  2 bushes (D:6)
  8 plants (D:6)
15 creatures vanquished.

Grand Total: 277 creatures vanquished

Notes
Turn   | Place    | Note
-------+----------+-------------------------------------------
     0 | D:1      | Kingsmith the Gargoyle Fighter began the quest for the Orb.
     0 | D:1      | Reached XP level 1. HP: 14/14 MP: 1/1
    99 | D:1      | Reached XP level 2. HP: 16/19 MP: 2/2
   506 | D:2      | Reached XP level 3. HP: 23/23 MP: 3/3
  1040 | D:2      | Reached skill level 5 in Shields
  1199 | D:2      | Reached XP level 4. HP: 28/28 MP: 4/4
  1494 | D:3      | Noticed dscm's ghost (weakling OpTm)
  1505 | D:3      | Killed dscm's ghost
  1708 | D:3      | Reached XP level 5. HP: 32/32 MP: 5/5
  2257 | D:4      | Found a sand-covered staircase.
  2263 | Ossuary  | Entered an ossuary
  2376 | Ossuary  | Noticed a flying skull
  2376 | Ossuary  | Noticed a wraith
  2407 | Ossuary  | Noticed a flying skull
  2425 | Ossuary  | Reached XP level 6. HP: 32/37 MP: 6/6
  2433 | Ossuary  | Noticed a flying skull
  2435 | Ossuary  | Noticed a flying skull
  2439 | Ossuary  | Noticed a wraith
  2453 | Ossuary  | Killed a wraith
  2623 | Ossuary  | Noticed a wraith
  2649 | Ossuary  | Killed a wraith
  2649 | Ossuary  | Reached XP level 7. HP: 20/41 MP: 7/7
  2650 | Ossuary  | Noticed a flying skull
  4236 | D:5      | Entered Level 5 of the Dungeon
  4257 | D:5      | Reached skill level 10 in Shields
  4314 | D:5      | Reached XP level 8. HP: 38/47 MP: 8/8
  4737 | D:5      | Reached skill level 5 in Fighting
  4888 | D:5      | Noticed Grinder
  4888 | D:5      | Paralysed by Grinder for 6 turns
  4899 | D:5      | Paralysed by Grinder for 7 turns
  4914 | D:5      | Paralysed by Grinder for 7 turns
  4923 | D:5      | Paralysed by Grinder for 5 turns
  4959 | D:5      | Paralysed by Grinder for 7 turns
  4971 | D:5      | Killed Grinder
  5216 | D:5      | Noticed Doomgape's ghost (novice MiMo)
  5875 | D:6      | Found a blossoming altar of Fedhas.
  6068 | D:6      | Noticed Eustachio
  6106 | D:6      | Killed Eustachio
  6106 | D:6      | Reached XP level 9. HP: 53/60 MP: 9/9
  6739 | D:7      | Reached skill level 10 in Fighting
  6816 | D:7      | Found a staircase to the Ecumenical Temple.
  6833 | Temple   | Entered the Ecumenical Temple
  6915 | Temple   | Became a worshipper of the Shining One
  7098 | D:7      | Noticed Pikel
  7225 | D:6      | Killed Pikel
  7225 | D:6      | Reached XP level 10. HP: 63/68 MP: 10/10
  7390 | D:6      | HP: 3/68 [yak (11)]
  8046 | D:7      | Noticed Menkaure
  8050 | D:7      | Killed Menkaure
  9419 | D:8      | Reached * piety under the Shining One
  9496 | D:8      | Noticed a two-headed ogre
  9522 | D:8      | Killed a two-headed ogre
 10256 | D:9      | Reached skill level 10 in Long Blades
 10479 | D:9      | Reached XP level 11. HP: 67/72 MP: 11/11
 10749 | D:10     | Entered Level 10 of the Dungeon
 10749 | D:10     | Reached ** piety under the Shining One
 10763 | D:10     | Found a staircase to the Lair.
 10783 | D:10     | Reached skill level 5 in Armour
 11493 | D:10     | Noticed a two-headed ogre
 11511 | D:10     | Killed a two-headed ogre
 11868 | D:10     | Noticed a two-headed ogre
 12241 | D:10     | Killed a two-headed ogre
 12600 | D:11     | Noticed Psyche
 12622 | D:11     | Killed Psyche
 12651 | D:11     | Noticed a death knight
 12704 | D:10     | Reached skill level 10 in Armour
 12723 | D:10     | Reached *** piety under the Shining One
 12749 | D:10     | Reached skill level 1 in Invocations
 12882 | Lair:1   | Entered Level 1 of the Lair of Beasts
 12924 | Lair:1   | Identified a scroll of acquirement
 13006 | Lair:1   | Noticed a six-headed hydra
 13006 | Lair:1   | Noticed a seven-headed hydra
 13271 | D:11     | Found a deep blue altar of Sif Muna.
 13296 | D:12     | Noticed a red ugly thing
 13307 | D:12     | Killed a red ugly thing
 13623 | D:12     | Splashed by an acid dragon's acid

Skill      XL: |  1  2  3  4  5  6  7  8  9 10 11 |
---------------+----------------------------------+-----
Shields        | 4 5 6 7 9 10 | 10.0
Fighting       | 8 10 | 10.1
Long Blades    | 6 10 | 10.0
Armour         | 10 | 10.0
Invocations    | 4 |  4.0

Action                   |  1- 3 |  4- 6 |  7- 9 | 10-12 || total
-------------------------+-------+-------+-------+-------++-------
Melee: Long sword        |    64 |   172 |   534 |   796 ||  1566
       Whip              |       |       |       |    26 ||    26
       Great sword       |       |       |       |    14 ||    14
Invok: Divine Shield     |       |       |       |     1 ||     1
  Use: Scroll            |       |     8 |     3 |     6 ||    17
       Potion            |       |     3 |     6 |    12 ||    21
  Eat: Chunk             |     1 |     4 |    14 |    21 ||    40
       Royal jelly       |       |       |     1 |       ||     1
       Fruit             |       |       |       |     3 ||     3
Armor: Scale mail        |    40 |    81 |   313 |   103 ||   537
       Plate armour      |       |       |       |   343 ||   343
       Chain mail        |       |       |       |    14 ||    14
       Skin              |       |       |       |     5 ||     5
Dodge: Dodged            |    25 |    70 |   193 |   189 ||   477
Block: Shield            |     5 |       |   410 |   478 ||   893
       Buckler           |       |    33 |     7 |       ||    40
       Rpst.: Long sword |    10 |    28 |    52 |    48 ||   138
       Great sword       |       |       |       |     1 ||     1
